[Event "Titled Tuesday Blitz January 03 Late 2023"]
[White "Karthik, Advaith"]
[Black "Gaehwiler, Gabriel"]
[WhiteFideId "30946050"]
[BlackFideId "1314530"]
[WhiteElo "2075"]
[BlackElo "2404"]
[Result "1-0"]
[Round "04"]
[TimeControl "180+2"]
[Date "2023.01.03"]
[WhiteClock "0:00:12"]
[BlackClock "0:00:04"]

1. d4 Nf6 2. c4 g6 3. Nc3 Bg7 4. e4 O-O 5. Nf3 d6 6. Be2 e5 7. Be3 Ng4 8. Bg5 f6 9. Bh4 Nc6 10. d5 Ne7 11. Nd2 h5 12. b4 a5 13. bxa5 Nh6 14. f3 c5 15. Nb3 g5 16. Bf2 Ng6 17. Qd2 Bd7 18. Nb5 Qe7 19. Rb1 f5 20. Nc7 Rac8 21. Ne6 Bxe6 22. dxe6 fxe4 23. fxe4 Nf4 24. g3 Nxe6 25. O-O g4 26. Be3 Nf7 27. Qd5 Kh7 28. Rf5 Kg6 29. Rbf1 Nd4 30. Nxd4 cxd4 31. Bd2 Rc6 32. Bb4 Nh6 33. Rxf8 Bxf8 34. a6 Rxa6 35. c5 dxc5 36. Bxa6 bxa6 37. Qc6+ Kg7 38. Ba5 Nf7 39. Bc7 Ng5 40. Qd5 Nf3+ 41. Rxf3 Qg5 42. Qxe5+ 1-0


[Site "https://www.chess.com"]

[Event "Titled Tuesday Blitz January 03 Late 2023"]
[White "Lin, Dachey"]
[Black "Moreno Perez, Tobias Sebastian"]
[WhiteFideId "2029650"]
[BlackFideId "186716"]
[WhiteElo "2299"]
[BlackElo "2256"]
[Result "1-0"]
[Round "04"]
[TimeControl "180+2"]
[Date "2023.01.03"]
[WhiteClock "0:02:06"]
[BlackClock "0:01:06"]

1. g4 d5 2. g5 e5 3. d4 e4 4. f3 Be7 5. h4 h6 6. fxe4 dxe4 7. Nh3 Bxh3 8. Bxh3 hxg5 9. hxg5 Kf8 10. Qd2 e3 11. Qxe3 Nc6 12. c3 Qd5 13. Qf3 Qxf3 14. exf3 Rh5 15. Bg2 Rxh1+ 16. Bxh1 Bd6 17. Nd2 Nge7 18. Ne4 Bh2 19. Kf2 Nd5 20. Ng3 Re8 21. f4 Nb6 22. Nf1 1-0


[Site "https://www.chess.com"]

[Event "Titled Tuesday Blitz January 03 Late 2023"]
[White "Avila Pavas, Santiago"]
[Black "Mazurkiewicz, Michal"]
[WhiteFideId "4437128"]
[BlackFideId "1124943"]
[WhiteElo "2522"]
[BlackElo "2145"]
[Result "1-0"]
[Round "04"]
[TimeControl "180+2"]
[Date "2023.01.03"]
[WhiteClock "0:00:39"]
[BlackClock "0:00:03"]

1. d4 Nf6 2. Nf3 g6 3. Bg5 Bg7 4. Nbd2 d5 5. e3 O-O 6. Be2 c6 7. O-O Qb6 8. Rb1 Nbd7 9. b4 Re8 10. b5 c5 11. c4 cxd4 12. exd4 Ne4 13. Nxe4 dxe4 14. c5 Qe6 15. Ne1 Qxa2 16. Nc2 e5 17. Nb4 Qa5 18. c6 exd4 19. cxd7 Bxd7 20. Bc4 Bxb5 21. Bxb5 Qxb5 22. Nc2 Qd5 23. Bh4 Rac8 24. Nb4 Qc4 25. Qa4 d3 26. Qxa7 d2 27. Qxb7 Qd4 28. Qd5 e3 29. fxe3 Qxe3+ 30. Bf2 Qe2 31. Qd3 Qxd3 32. Nxd3 Red8 33. Nc5 Bd4 34. Bxd4 Rxd4 35. Nb3 Rd3 36. Rfd1 1-0


[Site "https://www.chess.com"]

[Event "Titled Tuesday Blitz January 03 Late 2023"]
[White "Amburgy, Ryan"]
[Black "Davtyan, David Arm."]
[WhiteFideId "30924820"]
[BlackFideId "13310046"]
[WhiteElo "2246"]
[BlackElo "2344"]
[Result "0-1"]
[Round "04"]
[TimeControl "180+2"]
[Date "2023.01.03"]
[WhiteClock "0:00:43"]
[BlackClock "0:00:52"]

1. Nf3 d5 2. d4 Nf6 3. c4 e6 4. Nc3 c6 5. e3 Nbd7 6. Qc2 Bd6 7. g4 h6 8. Rg1 Qe7 9. g5 hxg5 10. Rxg5 g6 11. h4 Ne4 12. Nxe4 dxe4 13. Qxe4 Bb4+ 14. Bd2 Bxd2+ 15. Nxd2 Nf6 16. Qf4 Nh5 17. Qf3 Ng7 18. Ne4 Rxh4 19. Nf6+ Kf8 20. Bd3 Nf5 21. e4 Qxf6 22. Rg1 Qxd4 23. exf5 Qxb2 24. Rb1 Qc3+ 25. Kf1 exf5 26. Qe3 Be6 27. Qc5+ Kg7 28. Be2 f4 29. Qg5 Bh3+ 0-1


[Site "https://www.chess.com"]

[Event "Titled Tuesday Blitz January 03 Late 2023"]
[White "Erdogdu, Mert"]
[Black "Hansen, Torbjorn Ringdal"]
[WhiteFideId "6301495"]
[BlackFideId "1501720"]
[WhiteElo "2413"]
[BlackElo "2432"]
[Result "0-1"]
[Round "04"]
[TimeControl "180+2"]
[Date "2023.01.03"]
[WhiteClock "0:00:01"]
[BlackClock "0:00:19"]

1. e4 c6 2. d4 d5 3. exd5 cxd5 4. c4 Nf6 5. Nc3 Nc6 6. Bg5 Ne4 7. cxd5 Nxc3 8. bxc3 Qxd5 9. Nf3 e5 10. dxe5 Qxd1+ 11. Rxd1 Be6 12. Bb5 Be7 13. Bxe7 Kxe7 14. Bxc6 bxc6 15. Nd4 Bxa2 16. Nxc6+ Ke6 17. Rd6+ Kf5 18. O-O Be6 19. f4 a5 20. Nd4+ Ke4 21. g3 Bh3 22. Re1+ Kd3 23. Ne2+ Kc4 24. Red1 Rhc8 25. Rb6 a4 26. Rb4+ Kc5 27. Ra1 a3 28. Nd4 Kd5 29. Rb3 Rcb8 30. Raxa3 Rxa3 31. Rxa3 Ke4 32. Kf2 Rb2+ 33. Ke1 Ke3 34. Kd1 Rxh2 35. Nc2+ Kd3 36. Ne1+ Kc4 37. Ra7 Be6 38. Rc7+ Kd5 39. Nd3 h5 40. Nb4+ Ke4 41. Kc1 Ke3 42. Rc6 Kf3 0-1


[Site "https://www.chess.com"]

[Event "Titled Tuesday Blitz January 03 Late 2023"]
[White "Boyer, Mahel"]
[Black "Lorenzo De La Riva, Lazaro"]
[WhiteFideId "45102422"]
[BlackFideId "2268809"]
[WhiteElo "2489"]
[BlackElo "2404"]
[Result "1-0"]
[Round "04"]
[TimeControl "180+2"]
[Date "2023.01.03"]
[WhiteClock "0:00:02"]
[BlackClock "0:00:04"]

1. d4 c5 2. d5 e5 3. e4 d6 4. g3 h5 5. Bh3 Nd7 6. Nd2 h4 7. Ngf3 Be7 8. Nc4 b5 9. Ne3 g6 10. a4 b4 11. Nd2 Ngf6 12. Qf3 a5 13. Ndc4 Ba6 14. Bd2 Bxc4 15. Nxc4 Nb6 16. Qd3 Nxc4 17. Qxc4 Kf8 18. Ke2 Nd7 19. Raf1 Nb6 20. Qb5 Kg7 21. b3 Rb8 22. Qxa5 Bg5 23. f4 Bf6 24. Qa6 c4 25. a5 c3 26. Be3 Nc8 27. Rf3 hxg3 28. hxg3 Qe7 29. Rff1 exf4 30. Rxf4 Bg5 31. Qd3 Bxf4 32. Bxf4 f6 33. Bg2 Rxh1 34. Bxh1 Qc7 35. a6 Ne7 36. Be3 Ra8 37. Bg2 Qc8 38. a7 Qg4+ 39. Kf2 g5 40. Bf3 Qh3 41. Qc4 Qh8 42. Qc7 Qd8 43. Qxd8 Rxd8 44. Bg4 f5 45. Bxf5 Nxf5 46. exf5 Kf6 47. g4 Ke5 48. Bxg5 Rg8 49. Be7 Ra8 50. f6 Kxd5 51. f7 1-0


[Site "https://www.chess.com"]

[Event "Titled Tuesday Blitz January 03 Late 2023"]
[White "UnknownMagician"]
[Black "Della Corte, Alessandro"]
[BlackFideId "813540"]
[WhiteElo "2670"]
[BlackElo "2160"]
[Result "1-0"]
[Round "04"]
[TimeControl "180+2"]
[Date "2023.01.03"]
[WhiteClock "0:02:22"]
[BlackClock "0:02:19"]

1. c4 e6 2. Nc3 d5 3. e3 Nf6 4. Nf3 Be7 5. b3 a5 6. Bb2 Nbd7 7. Qc2 O-O 8. g4 Nc5 9. g5 Nfe4 10. h4 a4 11. Rc1 axb3 12. axb3 dxc4 13. Nxe4 cxb3 14. Qc3 1-0


[Site "https://www.chess.com"]

[Event "Titled Tuesday Blitz January 03 Late 2023"]
[White "Vovk, Orest"]
[Black "Siniauski, Artsiom"]
[WhiteFideId "14113490"]
[BlackFideId "13512269"]
[WhiteElo "2315"]
[BlackElo "2231"]
[Result "1-0"]
[Round "04"]
[TimeControl "180+2"]
[Date "2023.01.03"]
[WhiteClock "0:01:18"]
[BlackClock "0:00:13"]

1. h4 Nf6 2. h5 c5 3. h6 gxh6 4. d3 Nc6 5. Bxh6 Bxh6 6. Rxh6 d5 7. Nc3 d4 8. Ne4 Nxe4 9. dxe4 Ne5 10. e3 Qa5+ 11. Qd2 Qxd2+ 12. Kxd2 Ng4 13. Rh5 Nxf2 14. Bb5+ Bd7 15. Bxd7+ Kxd7 16. exd4 Nxe4+ 17. Ke3 Nf6 18. Rxc5 Rhg8 19. Kf3 Rg4 20. Ne2 Rag8 21. g3 Ne4 22. Rd5+ Kc6 23. Re5 Nxg3 24. Rg1 f6 25. Rc5+ Kd6 26. Rxg3 Rxg3+ 27. Nxg3 e5 28. Ne4+ Ke6 29. d5+ Kd7 30. Nxf6+ Kd6 31. Nxg8 Kxc5 32. Ke4 Kd6 33. Nh6 1-0


[Site "https://www.chess.com"]

[Event "Titled Tuesday Blitz January 03 Late 2023"]
[White "Haydon, David L"]
[Black "Seletsky, Grigory"]
[WhiteFideId "415405"]
[BlackFideId "14112191"]
[WhiteElo "2253"]
[BlackElo "2259"]
[Result "1-0"]
[Round "04"]
[TimeControl "180+2"]
[Date "2023.01.03"]
[WhiteClock "0:02:31"]
[BlackClock "0:00:14"]

1. d4 d5 2. Nf3 c6 3. c4 Nf6 4. Nc3 e6 5. Bg5 Be7 6. e3 O-O 7. Qc2 Nbd7 8. Bd3 b6 9. Ne5 Bb7 10. Nxd7 Qxd7 11. Bxf6 Bxf6 12. Bxh7+ Kh8 13. cxd5 cxd5 14. Bd3 Rac8 15. Qe2 g6 16. h4 Kg7 17. g4 Rh8 18. h5 g5 19. h6+ Rxh6 20. Rxh6 Kxh6 21. Qf3 Kg7 22. O-O-O b5 23. Rh1 b4 24. Rh7+ Kf8 25. Qxf6 1-0


[Site "https://www.chess.com"]

[Event "Titled Tuesday Blitz January 03 Late 2023"]
[White "Donskov, Anatoly"]
[Black "Weetik, Vjacheslav"]
[WhiteFideId "24143413"]
[BlackFideId "4153472"]
[WhiteElo "2279"]
[BlackElo "2423"]
[Result "1-0"]
[Round "04"]
[TimeControl "180+2"]
[Date "2023.01.03"]
[WhiteClock "0:01:13"]
[BlackClock "0:00:10"]

1. e4 c6 2. d4 d5 3. e5 Bf5 4. Nf3 e6 5. c4 Nd7 6. Nc3 Ne7 7. cxd5 cxd5 8. Bd3 Rc8 9. O-O g6 10. Bg5 h6 11. Nb5 Rc6 12. Nd6+ Rxd6 13. exd6 hxg5 14. dxe7 Bxe7 15. Ne5 Nxe5 16. dxe5 g4 17. Bxf5 gxf5 18. Qa4+ Kf8 19. Qxa7 Qc7 20. Qe3 Rh5 21. Rac1 Qa5 22. Rc8+ Kg7 23. a3 Bg5 24. Qc5 Qxc5 25. Rxc5 Bf4 26. g3 Bxe5 27. Rb5 f4 28. Rxb7 f3 29. a4 Bd4 30. a5 Rh8 31. b4 Rc8 32. a6 Rc2 33. b5 Ra2 34. h3 e5 35. hxg4 e4 36. Rd7 e3 37. fxe3 Bxe3+ 38. Kh1 d4 39. Rxf3 Kg6 40. Rfxf7 Ra1+ 41. Kg2 Ra2+ 42. Kf3 Rf2+ 43. Ke4 Rxf7 44. Rxf7 Kxf7 45. Kd3 1-0


[Site "https://www.chess.com"]

[Event "Titled Tuesday Blitz January 03 Late 2023"]
[White "Andrews, Todd"]
[Black "Espinosa, Pedro"]
[WhiteFideId "2012456"]
[BlackFideId "30921066"]
[WhiteElo "2220"]
[BlackElo "2229"]
[Result "0-1"]
[Round "04"]
[TimeControl "180+2"]
[Date "2023.01.03"]
[WhiteClock "0:00:41"]
[BlackClock "0:00:12"]

1. e4 c5 2. Nf3 d6 3. d4 cxd4 4. Nxd4 Nf6 5. Nc3 Nc6 6. Bc4 Qb6 7. Nb3 e6 8. O-O a6 9. Kh1 Be7 10. f4 O-O 11. Qf3 Qc7 12. a3 b5 13. Bd3 Bb7 14. Bd2 Rfd8 15. Rae1 b4 16. axb4 Nxb4 17. Nb5 axb5 18. Bxb4 d5 19. Bxe7 Qxe7 20. e5 Ne4 21. Nd4 Nd2 22. Qh3 g6 23. Rf2 Ne4 24. Rf3 Qb4 25. c3 Qxb2 26. Bxe4 dxe4 27. Rg3 Ra1 28. Re3 Qxc3 29. Nc2 Rxe1+ 30. Nxe1 Rd1 31. Qg3 Qd4 32. h4 h5 33. Kh2 b4 34. f5 exf5 35. e6 Qd6 36. e7 Qxe7 37. Nf3 Qd6 38. Ne5 Rd5 39. Nc4 Qxg3+ 40. Kxg3 Rd3 41. Kf4 Rxe3 42. Kxe3 Bd5 43. Nb6 Be6 44. g3 b3 45. Na4 Kg7 46. Nb2 Kf6 47. Nd1 Ke7 48. Kd4 Kd6 49. Nc3 Kc6 0-1


[Site "https://www.chess.com"]

[Event "Titled Tuesday Blitz January 03 Late 2023"]
[White "Sebag, Marie"]
[Black "Gatterer, Florian"]
[WhiteFideId "617822"]
[BlackFideId "811688"]
[WhiteElo "2430"]
[BlackElo "2170"]
[Result "1-0"]
[Round "04"]
[TimeControl "180+2"]
[Date "2023.01.03"]
[WhiteClock "0:00:07"]
[BlackClock "0:00:09"]

1. e4 c6 2. Nf3 d5 3. Nc3 Bg4 4. h3 Bxf3 5. Qxf3 e6 6. Be2 Nd7 7. O-O Bc5 8. Rd1 Ne7 9. d4 Bd6 10. Bf1 O-O 11. Ne2 Ng6 12. e5 Be7 13. Qg4 c5 14. c3 Nh4 15. Ng3 g6 16. Bh6 Re8 17. Bd3 Kh8 18. Kh2 Rg8 19. f4 Nf5 20. Bg5 Bxg5 21. fxg5 Ne3 22. Qf4 Nxd1 23. Rxd1 Qe7 24. Rf1 cxd4 25. cxd4 Rac8 26. Qxf7 Qxf7 27. Rxf7 Rg7 28. Rf1 a6 29. Ne2 Kg8 30. h4 Nf8 31. g4 Rf7 32. Rxf7 Kxf7 33. Kg3 Rc6 34. h5 Rc7 35. Kf3 Rc6 36. Ke3 Rb6 37. b3 Rc6 38. Kd2 Rc7 39. Nf4 Rc6 40. Bf1 Rc7 41. Bg2 Rc8 42. Bf3 Rc7 43. a4 b5 44. a5 b4 45. Be2 Rc3 46. Bxa6 Rxb3 47. Bb5 Ra3 48. a6 Ke7 49. Nd3 Ra5 50. Bc6 Rxa6 51. Nxb4 Rb6 52. Kc3 Nd7 53. Ba4 Kd8 54. Bc2 Kc7 55. hxg6 hxg6 56. Bxg6 Nf8 57. Bf7 Rb7 58. g6 Nxg6 59. Bxg6 Kd7 60. Nd3 Rc7+ 61. Nc5+ Ke7 62. Kd3 Ra7 63. Bh5 Ra3+ 64. Ke2 Rh3 65. Nd3 Rg3 66. Nf4 Rg1 67. Ke3 Rg3+ 68. Kf2 Rc3 69. g5 Rc4 70. Ke3 Rc3+ 71. Nd3 Ra3 72. g6 Ra8 73. Nf4 Rh8 74. Kf3 Rb8 75. Kg4 Rb1 76. Kg5 Rg1+ 77. Kh6 Rg3 78. g7 Rg1 79. Bg6 Rh1+ 80. Nh5 Rg1 81. g8=Q Kd7 82. Qf7+ Kc6 83. Qxe6+ Kb5 84. Qxd5+ 1-0


[Site "https://www.chess.com"]

[Event "Titled Tuesday Blitz January 03 Late 2023"]
[White "Urbina Perez, Juan Antonio"]
[Black "Golubev, Mikhail"]
[WhiteFideId "2217368"]
[BlackFideId "14100983"]
[WhiteElo "2266"]
[BlackElo "2461"]
[Result "1-0"]
[Round "04"]
[TimeControl "180+2"]
[Date "2023.01.03"]
[WhiteClock "0:00:25"]
[BlackClock "0:00:02"]

1. e4 c5 2. Nf3 d6 3. Bb5+ Bd7 4. c4 Nc6 5. O-O Nf6 6. Nc3 g6 7. d3 Bg7 8. Ba4 O-O 9. a3 a6 10. Rb1 Ng4 11. h3 Nge5 12. Nxe5 Bxe5 13. Bd2 Bg7 14. b4 Nd4 15. Bxd7 Qxd7 16. Nd5 Rad8 17. Be3 e6 18. Bxd4 Bxd4 19. Ne3 f5 20. Nc2 Bg7 21. exf5 gxf5 22. Qf3 b5 23. Ne3 f4 24. Ng4 Bd4 25. Rfe1 e5 26. Nh2 Kh8 27. Qd5 Rg8 28. Kh1 Bxf2 29. Re2 Be3 30. Ng4 Bd4 31. bxc5 Rxg4 32. hxg4 Qxg4 33. Qf3 Qxf3 34. gxf3 Bxc5 35. cxb5 axb5 36. Rxb5 Bxa3 37. Rg2 Bc5 38. Rb7 Rg8 39. Rxg8+ Kxg8 40. Kg2 h6 41. Kh3 1-0


[Site "https://www.chess.com"]

[Event "Titled Tuesday Blitz January 03 Late 2023"]
[White "Dinu, Dumitru-Daniel"]
[Black "De La Colina, Nicolas"]
[WhiteFideId "1208403"]
[BlackFideId "30946921"]
[WhiteElo "2203"]
[BlackElo "2244"]
[Result "0-1"]
[Round "04"]
[TimeControl "180+2"]
[Date "2023.01.03"]
[WhiteClock "0:00:02"]
[BlackClock "0:00:15"]

1. e4 c5 2. Be2 b6 3. f4 Bb7 4. d3 e6 5. Nf3 d6 6. O-O Nf6 7. Nc3 Be7 8. Qe1 O-O 9. b3 a6 10. a4 Nbd7 11. Bb2 Qc7 12. Nd1 b5 13. axb5 axb5 14. Rxa8 Rxa8 15. Ne3 Bc6 16. e5 Nd5 17. Nxd5 Bxd5 18. Qg3 dxe5 19. Nxe5 Bf8 20. f5 Ra2 21. Nxd7 Qxg3 22. hxg3 Rxb2 23. Bd1 exf5 24. Nxf8 Kxf8 25. Rxf5 Be6 26. Rf1 Ke7 27. Kf2 Rb1 28. Re1 Kd6 29. Ke3 Bg4 30. Kd2 Rxd1+ 31. Rxd1 Bxd1 32. Kxd1 Ke5 33. Kd2 f5 34. Ke3 g5 35. c3 h5 36. Kd2 Kd5 37. Ke3 b4 38. c4+ Ke5 39. Ke2 Kd4 40. Kd2 f4 41. gxf4 gxf4 42. Kc2 Ke3 43. Kd1 Kxd3 0-1


[Site "https://www.chess.com"]

[Event "Titled Tuesday Blitz January 03 Late 2023"]
[White "Krsnik Cohar, Ivan Vihor"]
[Black "Dudzinski, Pawel"]
[WhiteFideId "14520044"]
[BlackFideId "1117890"]
[WhiteElo "2336"]
[BlackElo "2186"]
[Result "1-0"]
[Round "04"]
[TimeControl "180+2"]
[Date "2023.01.03"]
[WhiteClock "0:01:06"]
[BlackClock "0:00:11"]

1. e4 c6 2. Nf3 d5 3. exd5 cxd5 4. c4 Nf6 5. cxd5 Nxd5 6. d4 Nc6 7. Bb5 Qa5+ 8. Nc3 Nxc3 9. Bxc6+ bxc6 10. Qd2 e5 11. bxc3 exd4 12. Qxd4 Be6 13. O-O Rd8 14. Qe4 Qd5 15. Qa4 Bc5 16. Ba3 O-O 17. Rad1 Qf5 18. Nd4 Bxd4 19. Bxf8 Bxc3 20. Rxd8 h6 21. Bb4+ 1-0


[Site "https://www.chess.com"]

[Event "Titled Tuesday Blitz January 03 Late 2023"]
[White "Karttunen, Mika"]
[Black "Novikova, Galina"]
[WhiteFideId "502081"]
[BlackFideId "4157095"]
[WhiteElo "2490"]
[BlackElo "2073"]
[Result "1-0"]
[Round "04"]
[TimeControl "180+2"]
[Date "2023.01.03"]
[WhiteClock "0:00:12"]
[BlackClock "0:00:03"]

1. d4 e6 2. c4 f5 3. Nc3 Nf6 4. f3 Be7 5. Nh3 O-O 6. e4 d6 7. exf5 e5 8. dxe5 dxe5 9. Qxd8 Rxd8 10. g4 Nc6 11. Be3 Nb4 12. Rd1 Nc2+ 13. Kf2 Nxe3 14. Kxe3 Bc5+ 15. Ke2 Bd7 16. Bg2 Bc6 17. Nf2 Bd4 18. Rd3 Bxf2 19. Rxd8+ Rxd8 20. Kxf2 Rd2+ 21. Kg3 Rxb2 22. h3 Rc2 23. Nb5 Rxc4 24. Nxa7 Bd5 25. Re1 Nd7 26. Nb5 c6 27. Nd6 Rb4 28. Re2 h6 29. h4 b5 30. g5 Rd4 31. Ne8 Bc4 32. Re3 Rd2 33. Bh3 hxg5 34. hxg5 Rd3 35. Re1 Bd5 36. Bg4 e4 37. f6 gxf6 38. Bxd7 Rxf3+ 39. Kg4 fxg5 40. Nd6 Rf2 41. Nxe4 Bxe4 42. Rxe4 Rg2+ 43. Kf5 c5 44. Kg6 g4 45. Re8# 1-0


[Site "https://www.chess.com"]

[Event "Titled Tuesday Blitz January 03 Late 2023"]
[White "Martinez, Marcel"]
[Black "Forgacs, Attila Jr."]
[WhiteFideId "2016249"]
[BlackFideId "773654"]
[WhiteElo "2402"]
[BlackElo "2264"]
[Result "0-1"]
[Round "04"]
[TimeControl "180+2"]
[Date "2023.01.03"]
[WhiteClock "0:00:07"]
[BlackClock "0:00:06"]

1. e4 e5 2. Nf3 Nc6 3. Bb5 a6 4. Ba4 Nf6 5. d3 d6 6. c3 g6 7. O-O Bg7 8. Re1 O-O 9. h3 h6 10. d4 b5 11. Bb3 Re8 12. Nbd2 Na5 13. Bc2 c5 14. a4 Bb7 15. d5 b4 16. c4 Nh7 17. b3 Bc8 18. Rb1 Rf8 19. g4 Ra7 20. Nf1 f5 21. exf5 gxf5 22. gxf5 Bxf5 23. Bd3 Raf7 24. Bxf5 Rxf5 25. Re3 e4 26. N3h2 Rxf2 27. Rxe4 Bd4 28. Rxd4 cxd4 29. Bxh6 R8f7 30. Qg4+ Kh8 31. Qxd4+ R2f6 32. Ng4 Qg8 33. Ng3 Qg6 34. Be3 Rg7 35. Kg2 Rf8 36. Bh6 Rg8 37. Bxg7+ Rxg7 38. Rf1 Nb7 39. Qa7 Nd8 40. Qb8 Rg8 41. Nf5 Nf6 42. Qc7 Nxg4 43. hxg4 Qxg4+ 44. Kf2 Qg2+ 45. Ke3 Re8+ 46. Kd4 Qd2# 0-1


[Site "https://www.chess.com"]

[Event "Titled Tuesday Blitz January 03 Late 2023"]
[White "Hoffmann, Asa"]
[Black "Rodriguez Fontecha, Marcos"]
[WhiteFideId "2001470"]
[BlackFideId "2256576"]
[WhiteElo "2185"]
[BlackElo "2309"]
[Result "0-1"]
[Round "04"]
[TimeControl "180+2"]
[Date "2023.01.03"]
[WhiteClock "0:00:24"]
[BlackClock "0:00:26"]

1. d4 d5 2. Bg5 c6 3. e3 Bf5 4. Bd3 Bxd3 5. Qxd3 Nd7 6. Nf3 Ngf6 7. Nbd2 h6 8. Bh4 e6 9. O-O Be7 10. c3 O-O 11. Rfe1 c5 12. h3 Rc8 13. Rac1 Qb6 14. b3 Rfe8 15. c4 Qa5 16. Rc2 cxd4 17. exd4 Bb4 18. Rec1 Ba3 19. Rb1 Qa6 20. Qe3 Bb4 21. a4 dxc4 22. Rxc4 Nd5 23. Qe4 Nc3 24. Rxc3 Bxc3 25. Nc4 Bb4 26. Rd1 b5 27. axb5 Qxb5 28. Qg4 Qf5 29. Qxf5 exf5 30. Bg3 g5 31. Be5 Rc6 32. Ra1 a6 33. d5 Rxc4 34. bxc4 Nxe5 35. Nd4 a5 36. Nxf5 Nxc4 37. Nxh6+ Kg7 38. Nf5+ Kf6 39. Nd4 Ra8 40. Nc6 Rc8 41. Kf1 Nb6 42. Nxb4 axb4 43. Ra6 Rb8 44. Ke2 Ke5 45. d6 b3 46. Kd3 b2 47. Ra5+ Nd5 48. d7 b1=Q+ 49. Ke2 Qe4+ 50. Kd2 Rb2+ 0-1


[Site "https://www.chess.com"]

[Event "Titled Tuesday Blitz January 03 Late 2023"]
[White "Chernov, Mikhail"]
[Black "Brilej, Jaka"]
[WhiteFideId "24143170"]
[BlackFideId "14618818"]
[WhiteElo "2205"]
[BlackElo "2321"]
[Result "1-0"]
[Round "04"]
[TimeControl "180+2"]
[Date "2023.01.03"]
[WhiteClock "0:00:09"]
[BlackClock "0:00:11"]

1. d4 d5 2. Nc3 Nf6 3. Bf4 e6 4. e3 Bb4 5. Ne2 c5 6. dxc5 Nbd7 7. a3 Bxc5 8. Nb5 e5 9. Bg5 h6 10. Bh4 a6 11. Nbc3 Be7 12. Qd2 Nb6 13. Bxf6 Bxf6 14. O-O-O Be6 15. Ng3 O-O 16. Kb1 d4 17. Nce4 Be7 18. exd4 Qd5 19. Nc3 Qxd4 20. Qxd4 exd4 21. Rxd4 Bf6 22. Rd3 Bc4 23. Rf3 Rfe8 24. Bd3 Bxc3 25. Bxc4 Nxc4 26. Rxc3 b5 27. Rd1 Rac8 28. Ka2 a5 29. b3 Ne5 30. Rxc8 Rxc8 31. Kb2 Ng4 32. Rd5 Nxf2 33. Rxb5 Nd1+ 34. Kc1 Ne3 35. c4 a4 36. Kb2 axb3 37. Kxb3 Nxc4 38. a4 Nd2+ 39. Kb4 Rc1 40. a5 Ra1 41. Nf5 Ne4 42. Rb8+ Kh7 43. Nd4 Nd6 44. Nc6 Rb1+ 45. Kc5 Nb7+ 46. Kd5 Rd1+ 47. Ke4 Re1+ 48. Kf3 Nc5 49. Nb4 Re6 50. Rb6 Re7 51. a6 Ra7 52. Ke3 Kg8 53. Kd4 Ne6+ 54. Kc4 Kf8 55. Nc6 Ke8 56. Nxa7 Kd7 57. Nb5 Nc7 58. Nxc7 Kxc7 59. Kb5 Kc8 60. a7 Kc7 61. a8=Q 1-0


[Site "https://www.chess.com"]

[Event "Titled Tuesday Blitz January 03 Late 2023"]
[White "Kalajzic, Ivan"]
[Black "Yurovskykh, Oleksandr"]
[WhiteFideId "14506378"]
[BlackFideId "14134020"]
[WhiteElo "2062"]
[BlackElo "2328"]
[Result "1-0"]
[Round "04"]
[TimeControl "180+2"]
[Date "2023.01.03"]
[WhiteClock "0:00:36"]
[BlackClock "0:00:08"]

1. d4 Nf6 2. Nc3 d5 3. Bg5 Nbd7 4. e3 h6 5. Bh4 e6 6. f4 Be7 7. Nf3 a6 8. Bd3 b5 9. O-O Bb7 10. Ne5 c5 11. Qe1 Qb6 12. Nxd7 Nxd7 13. Bxe7 Kxe7 14. Qf2 f5 15. Nd1 Nf6 16. c3 Rhc8 17. Qh4 b4 18. Rb1 a5 19. Nf2 Ba6 20. Bxa6 Qxa6 21. g4 Qe2 22. Rbe1 Qxb2 23. g5 hxg5 24. fxg5 Nd7 25. e4 dxe4 26. Nxe4 fxe4 27. Qxe4 Ra6 28. Qg6 bxc3 29. Qxg7+ Kd6 30. Rf7 Rc7 31. dxc5+ Kxc5 32. Rxd7 Rxd7 33. Qxd7 Qd2 34. Re5+ Kc4 35. Qa4+ Kd3 36. Qe4# 1-0


[Site "https://www.chess.com"]

[Event "Titled Tuesday Blitz January 03 Late 2023"]
[White "Roberson, Peter T"]
[Black "Melikhov, Evgeny V."]
[WhiteFideId "412384"]
[BlackFideId "4122046"]
[WhiteElo "2430"]
[BlackElo "2269"]
[Result "1-0"]
[Round "04"]
[TimeControl "180+2"]
[Date "2023.01.03"]
[WhiteClock "0:01:04"]
[BlackClock "0:00:47"]

1. e4 e5 2. Nf3 Nc6 3. Bc4 Nf6 4. d3 Be7 5. O-O O-O 6. a4 d6 7. a5 a6 8. c3 Be6 9. Nbd2 Qd7 10. b4 Bd8 11. Re1 Ne7 12. d4 Ng6 13. Bxe6 Qxe6 14. Qb3 Qxb3 15. Nxb3 h6 16. dxe5 Nxe5 17. Nxe5 dxe5 18. Nc5 Rb8 19. f3 Be7 20. Be3 Bxc5 21. Bxc5 Rfd8 22. Red1 Rd7 23. Rxd7 Nxd7 24. Rd1 Nxc5 25. bxc5 Kf8 26. Rd7 Rc8 27. Rd5 f6 28. Rd7 g5 29. h4 h5 30. hxg5 fxg5 31. Kf2 h4 32. Ke3 b6 33. cxb6 cxb6 34. axb6 Rxc3+ 35. Kd2 Rb3 36. b7 Ke8 37. Rc7 1-0


[Site "https://www.chess.com"]

[Event "Titled Tuesday Blitz January 03 Late 2023"]
[White "Roman, Rodrigo"]
[Black "Brodowski, Piotr"]
[WhiteFideId "3701220"]
[BlackFideId "1124480"]
[WhiteElo "2058"]
[BlackElo "2457"]
[Result "0-1"]
[Round "04"]
[TimeControl "180+2"]
[Date "2023.01.03"]
[WhiteClock "0:00:05"]
[BlackClock "0:01:04"]

1. d4 d6 2. Nc3 g6 3. e4 Bg7 4. Nf3 a6 5. Be3 b5 6. a3 Bb7 7. Qd2 Nd7 8. Be2 Nb6 9. d5 Nf6 10. h3 c6 11. dxc6 Bxc6 12. e5 Nfd5 13. Bxb6 Nxb6 14. exd6 O-O 15. dxe7 Qxe7 16. O-O Rad8 17. Qg5 Qxg5 18. Nxg5 Rfe8 19. Bd3 h6 20. Nge4 Bxe4 21. Nxe4 Bxb2 22. Ra2 Bg7 23. Nc5 Ra8 24. Nxa6 Rxa6 25. Bxb5 Rea8 26. Bxa6 Rxa6 27. Rb1 Bc3 28. Rb3 Na4 29. Rb8+ Kg7 30. g3 h5 31. Kg2 Rd6 32. Ra8 Rd4 33. Kf3 g5 34. Ke3 Kg6 35. Rc8 Rd6 36. Rc4 Ra6 37. Kd3 Bf6 38. Rb4 Rd6+ 39. Kc4 Nc3 40. Rab2 Nd5 41. Rb1 Nxb4 42. axb4 Rc6+ 43. Kd3 Rc3+ 44. Ke2 Rxc2+ 45. Ke3 Rb2 46. Rxb2 Bxb2 47. Kd3 Kf5 48. b5 Be5 49. Kc4 Bc7 50. Kd5 Bb6 51. f3 f6 52. Kc6 Bf2 53. g4+ hxg4 54. fxg4+ Kf4 55. Kd5 Kg3 56. Ke6 Kxh3 57. Kxf6 Kxg4 0-1


[Site "https://www.chess.com"]

[Event "Titled Tuesday Blitz January 03 Late 2023"]
[White "Defend, Balint"]
[Black "Sai Han Thiha"]
[WhiteFideId "17004853"]
[BlackFideId "13012290"]
[WhiteElo "1673"]
[BlackElo "2070"]
[Result "0-1"]
[Round "04"]
[TimeControl "180+2"]
[Date "2023.01.03"]
[WhiteClock "0:00:17"]
[BlackClock "0:00:06"]

1. e4 c6 2. d4 d5 3. e5 c5 4. dxc5 e6 5. Be3 Nd7 6. c4 dxc4 7. Nf3 Bxc5 8. Bxc5 Qa5+ 9. Nbd2 Nxc5 10. Bxc4 Ne7 11. O-O O-O 12. a3 Qc7 13. Qc2 Nd7 14. Rfe1 b5 15. Bd3 Qxc2 16. Bxc2 Bb7 17. Rac1 Rac8 18. Be4 Nd5 19. g3 N7b6 20. Nd4 a6 21. f4 Na4 22. Rxc8 Rxc8 23. Rb1 h6 24. Kf2 g5 25. f5 exf5 26. Nxf5 Kf8 27. Nd6 Rc7 28. Nxb7 Rxb7 29. Nb3 Rd7 30. Rd1 Ndb6 31. Rc1 Nc4 32. h4 Naxb2 33. Kf3 Ke7 34. hxg5 hxg5 35. Kg4 Na4 36. Kxg5 Nxa3 37. Kf5 Nc4 38. Rh1 Nc3 39. Bc2 Ne3+ 40. Kg5 Nxc2 41. Rc1 Nd4 42. Nxd4 Rxd4 43. Rxc3 b4 44. Rc6 a5 45. Kf5 b3 46. Rc7+ Ke8 47. Rb7 Rb4 48. Ra7 b2 49. Kf6 b1=Q 50. Ra8+ Kd7 51. Kxf7 Qf5+ 52. Kg7 Qxe5+ 53. Kg6 Qxg3+ 54. Kf5 Rf4+ 55. Ke5 Qe3+ 56. Kd5 Qf3+ 57. Kc5 Qxa8 58. Kb6 Rf6+ 59. Kb5 Qc6+ 60. Kxa5 Rf5+ 61. Kb4 Qb5+ 0-1


[Site "https://www.chess.com"]